 Dungeon Crawl Stone Soup version 0.26.1-11-gd32895ea62 (webtiles) character file.

Game seed: 7266387821376669389

65 jlumianski the Caller (level 3, -1/14 HPs)
             Began as a Felid Summoner on May 3, 2021.
             Shot with an arrow by a centaur (7 damage)
             ... on level 3 of the Dungeon.
             The game lasted 00:24:35 (3787 turns).

jlumianski the Caller (Felid Summoner)              Turns: 3787, Time: 00:24:36

Health: -1/14      AC:  1    Str:  4    XL:     3   Next: 92%
Magic:  4/7        EV: 18    Int: 17    God:
Gold:   65         SH:  0    Dex: 16    Spells: 4/7 levels left
                                        Lives:  0   Deaths: 0

rFire    . . .     SeeInvis +   (weapon unavailable)
rCold    . . .     Faith    .   (shield unavailable)
rNeg     . . .     Spirit   .   (armour unavailable)
rPois    .         Reflect  .   (helmet unavailable)
rElec    .         Harm     .   (cloak unavailable)
rCorr    .         Rampage  .   (gloves unavailable)
Will     .....                  (boots unavailable)
Stlth    +++.......             (no amulet)
HPRegen  0.04/turn              (no ring)
MPRegen  0.10/turn              (no ring)

@: quick
A: very small, no armour, no weapons or thrown items, stealth, claws 1, fangs 3,
see invisible, speed 1, shaggy fur 1, sharp paws
a: no special abilities


You were on level 3 of the Dungeon.
You visited 1 branch of the dungeon, and saw 3 of its levels.

You collected 65 gold pieces.

Inventory:

Wands
 o - a wand of paralysis (11)
Scrolls
 a - 2 scrolls of identify
 c - a scroll of noise {unknown}
 g - 2 scrolls of remove curse {unknown}
 i - a scroll of enchant armour {unknown}
 k - a scroll of teleportation {unknown}
 n - a scroll of random uselessness {unknown}
 p - a scroll of blinking {unknown}
Potions
 b - a potion of resistance
 d - a potion of mutation {unknown}
 e - a potion of haste
 f - 3 potions of heal wounds
 h - a potion of ambrosia {unknown}
 j - a potion of curing
 l - a potion of lignification {unknown}
 m - a potion of attraction
 q - a potion of might {unknown}
 r - 2 potions of magic {unknown}


   Skills:
 + Level 0.2 Fighting
 + Level 3.3 Dodging
 + Level 3.2 Stealth
 + Level 0.3 Unarmed Combat
 + Level 2.5 Spellcasting
 + Level 4.7 Summonings


You had 4 spell levels left.
You knew the following spells:

 Your Spells              Type           Power        Failure   Level
a - Summon Small Mammal   Summ           72%          2%          1
b - Call Imp              Summ           18%          4%          2

Your spell library contained the following spells:

 Spells                   Type           Power        Failure   Level
 Call Canine Familiar     Summ           18%          8%          3
 Summon Guardian Golem    Hex/Summ       10%          21%         3
 Summon Ice Beast         Ice/Summ       10%          56%         4
 Summon Lightning Spire   Summ/Air       10%          56%         4


Dungeon Overview and Level Annotations

Branches:
Dungeon (3/15)

Altars:


Innate Abilities, Weirdness & Mutations

You cannot wear armour.
You are incapable of wielding weapons or throwing items.
Your paws allow you to move quietly. (Stealth)
You have sharp claws.
You have razor-sharp teeth.
You have supernaturally acute eyesight. (SInv)
You cover ground quickly.
You are covered in fur. (AC +1)
Your sharp claws are effective at attacking unaware monsters.


Message History

A goblin, a kobold and a centaur come into view.
The goblin shouts!
The centaur shouts!
The centaur wields a +0 shortbow.
The centaur shoots an arrow.
The arrow hits you.
The goblin unwields a +0 falchion.
The goblin wields a +0 hunting sling.
The goblin shoots a stone.
The stone closely misses you.
The orc wizard mumbles some strange words.
The orc wizard seems to speed up.
Things that are here:
a stone; an arrow The orc wizard hits you with a cursed -2 dagger.
The orc wizard completely misses you.
The orc wizard looks braver for a moment.
Really walk into that dispersal trap?
You enter a dispersal trap!
The orc wizard blinks!
You blink.
The orc wizard enters a dispersal trap!
The kobold blinks! x2; You blink.
A bat comes into view.
The centaur shoots an arrow.
The arrow hits you!
Ouch! That really hurt!
You die...

.. #.......# ...
#.##§# .... #.##.#
..... #.#..# #.
......###..§.## '.
......'c...K..#. # #
.....g##§.....>..#
..... #§.#..##..# ....
#..§.@....# ..g
#.###.###.# #'######.#
#.# #o# #.##.....# #o#
#.# #.##.###.# #b# #.#
##.##.# #.###o###.#
###...#.###...oo....#
##.........#.###.#####
#......#.#.#.# #.#


You could see an orc warrior (wandering), a centaur, 3 orcs, a bat and a kobold.

Vanquished Creatures
  A worm (D:2)
  3 leopard geckos
  A bat (D:2)
  A giant cockroach (D:1)
  4 goblins
  2 hobgoblins (D:3)
  A quokka (D:2)
  A ball python (D:3)
  A frilled lizard (D:2)
  2 kobolds
  5 rats
22 creatures vanquished.

Vanquished Creatures (collateral kills)
  2 adders
  A shadow imp (D:2)
  A worm (D:2)
  An orc (D:3)
  3 bats (D:1)
  3 hobgoblins
  6 jackals (D:2)
  4 kobolds
  A quokka (D:2)
  A frilled lizard (D:2)
  4 goblins
  3 rats
30 creatures vanquished.

Grand Total: 52 creatures vanquished

Notes
Turn   | Place    | Note
-------+----------+-------------------------------------------
     0 | D:1      | jlumianski the Felid Summoner began the quest for the Orb.
     0 | D:1      | Reached XP level 1. HP: 7/7 MP: 4/4
   914 | D:1      | Reached XP level 2. HP: 11/11 MP: 3/6
  1114 | D:1      | Learned a level 2 spell: Call Imp
  2423 | D:2      | Reached XP level 3. HP: 14/14 MP: 7/7
  3761 | D:3      | Noticed an orc warrior
  3780 | D:3      | Noticed a centaur
  3787 | D:3      | Shot with an arrow by a centaur

Illustrated notes

Levels and vault maps discovered:
D:1:      dpeg_arrival_arbitrary_c, layout_basic
D:2:      layout_rooms
D:3:      layout_loops_corners

Skill      XL: |  1  2 |
---------------+-------+-----
Stealth        | 3 |  3.2
Dodging        | 3 |  3.3
Fighting       | |  0.2
Unarmed Combat | |  0.3
Spellcasting   | |  2.5
Summonings     | |  4.7

Action                   || total
-------------------------++-------
Melee: Unarmed           ||    87
       Bite              ||     3
 Cast: Summon Small Mamm ||    40
       Call Imp          ||    24
  Use: Potion            ||     4
       Scroll            ||     1
 Stab: Sleeping          ||    11
       Distracted        ||     2
Armor: Skin              ||     6
Dodge: Dodged            ||    82
